cohdb
Replays
Latest Replays
All Replays
Popular Replays
Top Player Replays
Match Explorer
How It Works
Community
CoH3 Stats
Reddit
Sign in to upload your games and track your stats! →
Sign in with Steam
Match 36369180
Unlisted
Match 36369180
Overview
Messages
Build Orders
End
Construct Section Command Post
Infantry Section
Infantry Section
Selects Air and Sea Battlegroup
Infantry Section
Grenade Package
Construct Platoon Command Post
Humber Armored Car
Selects Supply Surplus
Construct Field Infirmary
Construct Resource Cache
Construct Resource Cache
Construct Resource Cache
Selects Centaur Medium Tank
Centaur Medium Tank
DeSack'O'Potatoes
MY:OATZ
Ambar
76561198070384079
Pinhi
Semisolid
皮皮
vincent
0
0
Comments
sign in to comment!
No comments posted yet!